[Event "*** Titled Tuesday Blitz"]
[Site "Chess.com"]
[Date "2019.02.05"]
[Round "1"]
[White "StanislavNovikov"]
[Black "chenrip"]
[Result "1-0"]
[WhiteElo "2688"]
[BlackElo "2313"]
[TimeControl "180+2"]
[EndTime "13:00:56 PST"]
[Termination "StanislavNovikov won by checkmate"]

1. g3 d5 2. Bg2 c6 3. d3 Bf5 4.
Nd2 Qc8 5. e4 dxe4 6. dxe4 Be6 7. Ngf3 Bh3 8. O-O Bxg2 9. Kxg2 e6 10. e5 Ne7 11. Ne4 Nf5 12. g4 Nh6 13. Bxh6 gxh6 14. Nf6+ Ke7 15. Qd6# 1-0

[Event "*** Titled Tuesday Blitz"]
[Site "Chess.com"]
[Date "2019.02.05"]
[Round "1"]
[White "Naruto-K"]
[Black "Marcus_Harvey"]
[Result "1-0"]
[WhiteElo "2357"]
[BlackElo "2717"]
[TimeControl "180+2"]
[EndTime "13:02:05 PST"]
[Termination "Naruto-K won by resignation"]

1. d4 e6 2. Bf4 Nf6 3. e3 c5 4.
c3 Qb6 5. Qb3 d6 6. Nd2 Nd5 7. Bg3 cxd4 8. exd4 Qc7 9. Ngf3 Nc6 10. Bd3 Be7 11. O-O h6 12. Rfe1 O-O 13. c4 Ndb4 14. Bf1 d5 15. Bxc7 Bd7 16. a3 Na6 17. Bg3 Na5 18. Qa2 Rac8 19. cxd5 1-0

[Event "*** Titled Tuesday Blitz"]
[Site "Chess.com"]
[Date "2019.02.05"]
[Round "1"]
[White "Federtiu"]
[Black "ITheOnlyME"]
[Result "1-0"]
[WhiteElo "2634"]
[BlackElo "2272"]
[TimeControl "180+2"]
[EndTime "13:02:06 PST"]
[Termination "Federtiu won by resignation"]

1. e4 c6 2. d4 d5 3. e5 c5 4. Nf3 Bg4 5. dxc5 e6 6. Be3 Nd7 7. c3 Bxc5 8. Bxc5 Nxc5 9. Qd4 Bxf3 10. Qxc5 Be4 11. Bb5+ 1-0

[Event "*** Titled Tuesday Blitz"]
[Site "Chess.com"]
[Date "2019.02.05"]
[Round "1"]
[White "Iyael"]
[Black "Ekko_li"]
[Result "0-1"]
[WhiteElo "1999"]
[BlackElo "2486"]
[TimeControl "180+2"]
[EndTime "13:03:06 PST"]
[Termination "Ekko_li won by resignation"]

1. e4 d6 2. d4 Nf6 3. Nc3 g6 4. h3 Bg7 5. Nf3 O-O 6. Be3 a6 7.
a4 Nc6 8. Qd2 e5 9. d5 Ne7 10.
Be2 Nh5 11. O-O f5 12. Bh6 Nf4 13. Bxf4 exf4 14. Qxf4 fxe4 15. Qxe4 Bf5 16. Qh4 Bf6 17. Ng5 Bxg5 18. Qxg5 Bxc2 19. Rfe1 Nf5 20. Rac1 Qxg5 0-1

[Event "*** Titled Tuesday Blitz"]
[Site "Chess.com"]
[Date "2019.02.05"]
[Round "1"]
[White "Airquake"]
[Black "Jenia84"]
[Result "1-0"]
[WhiteElo "2556"]
[BlackElo "2191"]
[TimeControl "180+2"]
[EndTime "13:03:16 PST"]
[Termination "Airquake won by resignation"]

1. e4 e5 2. Nf3 Nc6 3. Bb5 Nf6 4.
Nc3 Bc5 5. O-O d6 6. d4 exd4 7. Nxd4 Bd7 8. Nf5 Bxf5 9. exf5 O-O 10. Bg5 Qd7 11. Bxf6 gxf6 12. Nd5 Bd4 13. Qxd4 Nxd4 14. Bxd7 c6 15. Nxf6+ Kg7 16. Ne4 Rad8 17. f6+ Kg6 18. Bh3 Rfe8 19. Ng3 Nxc2 20. Rad1 d5 21. a3 c5 22.
Bf5+ 1-0

[Event "*** Titled Tuesday Blitz"]
[Site "Chess.com"]
[Date "2019.02.05"]
[Round "1"]
[White "AndrewMcStone"]
[Black "Zq1"]
[Result "0-1"]
[WhiteElo "2119"]
[BlackElo "2525"]
[TimeControl "180+2"]
[EndTime "13:03:25 PST"]
[Termination "Zq1 won by resignation"]

1. d4 Nf6 2. c4 a6 3. Nc3 c5 4. d5 b5 5. e3 b4 6. Nb1 d6 7. Bd3 g6 8. b3 Bg7 9. Bb2 O-O 10.
Nf3 a5 11. a4 bxa3 12. Nxa3 Na6 13. O-O Nb4 14. Bb1 e6 15. e4 exd5 16. exd5 Re8 17. Re1 Bg4 18. Rxe8+ Nxe8 19. h3 Bxb2 0-1

[Event "*** Titled Tuesday Blitz"]
[Site "Chess.com"]
[Date "2019.02.05"]
[Round "1"]
[White "1random"]
[Black "CM_Perligero"]
[Result "0-1"]
[WhiteElo "2552"]
[BlackElo "2228"]
[TimeControl "180+2"]
[EndTime "13:03:39 PST"]
[Termination "CM_Perligero won by checkmate"]

1. b4 d5 2. Bb2 c6 3. e3 Nf6 4. c4 Bg4 5. Qc2 e6 6. a3 Be7 7. Bd3 dxc4 8. Qxc4 Nbd7 9. h3 Bh5 10.
Nf3 Nb6 11. Qc2 Bg6 12. Bxg6 hxg6 13. Ne5 Qd5 14. O-O Nbd7 15. Nd3 Qg5 16. Nc3 Rxh3 17. Ne2 Rh8 18. f4 Qh5 19. Nd4 Ng4 20. Rf3 Qh1# 0-1

[Event "*** Titled Tuesday Blitz"]
[Site "Chess.com"]
[Date "2019.02.05"]
[Round "1"]
[White "jeetjain"]
[Black "pKiLz5Rn9b"]
[Result "0-1"]
[WhiteElo "2351"]
[BlackElo "2739"]
[TimeControl "180+2"]
[EndTime "13:03:41 PST"]
[Termination "pKiLz5Rn9b won by resignation"]

1. e4 c6 2. d4 d5 3. e5 Bf5 4. h4 h5 5. Bd3 Bxd3 6. Qxd3 e6 7. Bg5 Qb6 8. Nd2 c5 9. c4 Qxb2 10. Rd1 Nc6 11. Ngf3 Nb4 12. Qb3 Qxb3 13. Nxb3 dxc4 14. Nxc5 Bxc5 15. dxc5 f6 16. Bf4 Nd3+ 17. Rxd3 cxd3 18.
Kd2 Ne7 19. exf6 gxf6 20. Kxd3 Rd8+ 21. Kc4 Kf7 22. Bd6 Rd7 23. g3 Rc8 24. Kb3 Nf5 25. Rd1 Rxc5 26. Bxc5 Rxd1 27. Bxa7 Rd3+ 0-1

[Event "*** Titled Tuesday Blitz"]
[Site "Chess.com"]
[Date "2019.02.05"]
[Round "1"]
[White "Aleksey_Sorokin"]
[Black "dcremisi"]
[Result "1-0"]
[WhiteElo "2709"]
[BlackElo "2323"]
[TimeControl "180+2"]
[EndTime "13:03:41 PST"]
[Termination "Aleksey_Sorokin won by resignation"]

1. d4 d5 2. c4 e6 3. Nf3 c6 4. Qc2 dxc4 5. e4 b5 6. b3 cxb3 7. axb3 Bb7 8. Bd3 a6 9. O-O Nf6 10. Nc3 Be7 11. e5 Nd5 12. Nxd5 cxd5 13. h4 h6 14. h5 Nc6 15. Qe2 Qb6 16. Be3 O-O-O 17. Nd2 Kb8 18. Qg4 Rdg8 19. Qf4 Rf8 20. Rfc1 Ka7 21. Nf3 f6 22. Qg4 fxe5 23. dxe5 d4 24. Nxd4 Nxe5 25. Nxb5+ Ka8 26. Qg3 1-0

[Event "*** Titled Tuesday Blitz"]
[Site "Chess.com"]
[Date "2019.02.05"]
[Round "1"]
[White "Angry_Serb"]
[Black "SolidAsARook"]
[Result "1-0"]
[WhiteElo "2556"]
[BlackElo "2186"]
[TimeControl "180+2"]
[EndTime "13:03:42 PST"]
[Termination "Angry_Serb won by resignation"]

1. e4 e5 2. Nf3 Nc6 3. Nc3 Nf6 4.
Be2 Be7 5. d4 exd4 6. Nxd4 d6 7.
g4 Nxd4 8. Qxd4 h6 9. g5 hxg5 10.
Bxg5 Be6 11. O-O-O Nxe4 12. Bb5+ c6 13. Bxe7 1-0

[Event "*** Titled Tuesday Blitz"]
[Site "Chess.com"]
[Date "2019.02.05"]
[Round "1"]
[White "IamSchrodingersCat"]
[Black "Andreikka"]
[Result "0-1"]
[WhiteElo "2452"]
[BlackElo "2905"]
[TimeControl "180+2"]
[EndTime "13:03:54 PST"]
[Termination "Andreikka won by resignation"]

1. e4 e5 2. f4 d5 3. exd5 exf4 4. Bc4 Nf6 5. Nc3 c6 6. dxc6 Nxc6 7. Nf3 Bg4 8. Qe2+ Be7 9. Qf2 O-O 10. O-O Bxf3 11. gxf3 Nd4 12. Bd3 Bc5 13. Kh1 Nb3 14. Qg2 Nxa1 15.
b3 Bd4 16. Bb2 Nxc2 17. Bxc2 Qd7 18. Bd3 Bxc3 19. Bxc3 Qxd3 0-1

[Event "*** Titled Tuesday Blitz"]
[Site "Chess.com"]
[Date "2019.02.05"]
[Round "1"]
[White "julinha97"]
[Black "Ar4uha"]
[Result "0-1"]
[WhiteElo "2094"]
[BlackElo "2509"]
[TimeControl "180+2"]
[EndTime "13:04:00 PST"]
[Termination "Ar4uha won by resignation"]

1. e4 e5 2. Nf3 Nc6 3. Bb5 a6 4. Ba4 d6 5. d4 b5 6. Bb3 Nxd4 7. Nxd4 exd4 8. Qxd4 c5 9. Qd5 Be6 10. Qc6+ Bd7 11. Bd5 Bxc6 12. Bxc6+ Ke7 13. Bxa8 Qxa8 14. O-O Qxe4 15. Nc3 Qxc2 16. Nd5+ Kd7 17. b3 Nf6 18. Ne3 Qg6 19. Bb2 Be7 20. Rad1 Kc6 0-1

[Event "*** Titled Tuesday Blitz"]
[Site "Chess.com"]
[Date "2019.02.05"]
[Round "1"]
[White "Bauxi435"]
[Black "Indianlad"]
[Result "0-1"]
[WhiteElo "2453"]
[BlackElo "2920"]
[TimeControl "180+2"]
[EndTime "13:04:11 PST"]
[Termination "Indianlad won by resignation"]

1. d4 Nf6 2. c4 g6 3. Nc3 d5 4. cxd5 Nxd5 5. e4 Nxc3 6. bxc3 Bg7 7. Nf3 c5 8. Rb1 Nc6 9. Bb5 cxd4 10. cxd4 O-O 11. d5 Ne5 12. Nxe5 Bxe5 13. O-O Bd7 14.
Bh6 Re8 15. Qb3 b6 16. Ba6 Rb8 17. Rfc1 b5 18. Be3 Qa5 19. Bxa7 Ra8 0-1

[Event "*** Titled Tuesday Blitz"]
[Site "Chess.com"]
[Date "2019.02.05"]
[Round "1"]
[White "Quiet_Desperation"]
[Black "Farrukh_Amonatov"]
[Result "0-1"]
[WhiteElo "2400"]
[BlackElo "2822"]
[TimeControl "180+2"]
[EndTime "13:04:31 PST"]
[Termination "Farrukh_Amonatov won by resignation"]

1. e4 c5 2. d4 d6 3. Nf3 cxd4 4.
Nxd4 Nf6 5. Nc3 a6 6. Bg5 e6 7.
Nb3 Be7 8. Bd3 b5 9. Qe2 Bb7 10. f3 Nbd7 11. O-O-O Qc7 12. Kb1 Ne5 13. Bxf6 Bxf6 14. Bxb5+ Ke7 15. Bd3 Rhc8 16. f4 Nc4 17.
Bxc4 Qxc4 18. Qxc4 Rxc4 19. Na5 Rxc3 20. bxc3 Bxe4 21.
Rhe1 Bxg2 22. f5 Bxc3 23. Re3 Bxa5 24. fxe6 fxe6 25. Rg3 Be4 26. Rxg7+ Kf6 27. Rg3 d5 28. Rf1+ Ke5 29. Rg5+ Kd6 0-1

[Event "*** Titled Tuesday Blitz"]
[Site "Chess.com"]
[Date "2019.02.05"]
[Round "1"]
[White "Andrew-FB00"]
[Black "Th3ChessViking"]
[Result "0-1"]
[WhiteElo "1860"]
[BlackElo "2466"]
[TimeControl "180+2"]
[EndTime "13:04:41 PST"]
[Termination "Th3ChessViking won by resignation"]

1. e4 e6 2. d4 d5 3. exd5 exd5 4. Bd3 Nc6 5. c3 Bd6 6. Qf3 Nge7 7. Ne2 Be6 8. Be3 Qd7 9. Nd2 Bf5 10. Bxf5 Qxf5 11.
Qxf5 Nxf5 12. O-O-O O-O 13. Bf4 Rfe8 14. Bxd6 Rxe2 15.
Bxc7 Rxf2 16. g3 Rc8 17. Bf4 Ncxd4 18. Kb1 Ne6 19. Be5 f6 20. Bd4 Nexd4 21. cxd4 Nxd4 22. Ne4 dxe4 23. Rxd4 Rcc2 24. Rxe4 Rxb2+ 25. Kc1 Rxa2 26.
Kb1 Rfb2+ 27. Kc1 Rxh2 28. Rxh2 Rxh2 0-1

[Event "*** Titled Tuesday Blitz"]
[Site "Chess.com"]
[Date "2019.02.05"]
[Round "1"]
[White "goingin33"]
[Black "Maikrosoft63"]
[Result "0-1"]
[WhiteElo "2206"]
[BlackElo "2564"]
[TimeControl "180+2"]
[EndTime "13:04:47 PST"]
[Termination "Maikrosoft63 won by resignation"]

1. e4 c5 2. Nf3 Nc6 3. d4 cxd4 4. Nxd4 Nf6 5. Nc3 d6 6. g3 g6 7.
Bg2 Nxd4 8. Qxd4 Bg7 9. O-O O-O 10. Bf4 e5 11. Bxe5 dxe5 12. Qxe5 Re8 13. Qf4 Qb6 14. Rab1 Be6 15. Rfd1 Rad8 16. Nd5 Nxd5 17. exd5 Bf5 18. Rd2 Bc3 0-1

[Event "*** Titled Tuesday Blitz"]
[Site "Chess.com"]
[Date "2019.02.05"]
[Round "1"]
[White "Sanan_Sjugirov"]
[Black "Lion_DL"]
[Result "1-0"]
[WhiteElo "2837"]
[BlackElo "2406"]
[TimeControl "180+2"]
[EndTime "13:04:53 PST"]
[Termination "Sanan_Sjugirov won by resignation"]

1. d4 Nf6 2. Nf3 e6 3. Bg5 h6 4.
Bh4 Be7 5. Nbd2 d5 6. e3 O-O 7.
Bd3 Nbd7 8. Qe2 c5 9. c3 Qb6 10. Rb1 Re8 11. Ne5 Nxe5 12. dxe5 Nd7 13. Bxe7 Rxe7 14.
f4 d4 15. Nc4 Qc6 16. exd4 cxd4 17. cxd4 Nb6 18. Nd6 Bd7 19. O-O Qa4 20. Qf2 Bc6 21. b3 Qb4 22. f5 exf5 23. Nxf5 Rd7 24. Qg3 Qf8 25. Nxh6+ Kh8 26. Nxf7+ Rxf7 1-0

[Event "*** Titled Tuesday Blitz"]
[Site "Chess.com"]
[Date "2019.02.05"]
[Round "1"]
[White "Cryptochess"]
[Black "NCchamp"]
[Result "1-0"]
[WhiteElo "2547"]
[BlackElo "2170"]
[TimeControl "180+2"]
[EndTime "13:04:57 PST"]
[Termination "Cryptochess won by resignation"]

1. e4 c5 2. Nf3 e6 3. d4 cxd4 4. Nxd4 Nf6 5. Nc3 Nc6 6. Be3 Bb4 7. Bd3 d5 8. exd5 Nxd5 9. Nxc6 bxc6 10. O-O Nxc3 11.
bxc3 Bxc3 12. Rb1 O-O 13. Bc5 Re8 14. Qf3 Qd5 15. Bxh7+ Kxh7 16. Qxc3 Ba6 17. Rfd1 Qxa2 18. Rb4 Bb5 19. Rh4+ Kg8 20. Qh3 1-0

[Event "*** Titled Tuesday Blitz"]
[Site "Chess.com"]
[Date "2019.02.05"]
[Round "1"]
[White "OparinGrigoriy"]
[Black "JulianProleiko"]
[Result "1-0"]
[WhiteElo "2928"]
[BlackElo "2454"]
[TimeControl "180+2"]
[EndTime "13:04:59 PST"]
[Termination "OparinGrigoriy won by resignation"]

1. Nf3 d5 2. g3 Nf6 3. Bg2 c6 4.
O-O Bg4 5. c4 Bxf3 6. Bxf3 e6 7.
b3 Nbd7 8. Bb2 Be7 9. d4 O-O 10. e3 a5 11. a4 Rb8 12. Nd2 b5 13. axb5 cxb5 14. cxd5 Nxd5 15. Qe2 Nb4 16. Rfc1 Bf6 17. Ne4 Be7 18. Bg2 Qb6 19. h4 Rfc8 20. h5 Nd5 21. h6 g6 22. Nd2 Bf6 23. Ne4 Bh8 24. Bf1 Rxc1 25. Rxc1 f5 26. Ng5 Bf6 27. Nf3 Qb7 28.
e4 fxe4 29. Qxe4 Kf7 30. Bh3 Re8 31. Qe2 b4 32. Nd2 N7b6 33. Ne4 Qe7 34. Qb5 Bg5 35. Rc6 Bxh6 36. Nd6+ Kf8 37. Nxe8 Qxe8 38. Rxb6 1-0

[Event "*** Titled Tuesday Blitz"]
[Site "Chess.com"]
[Date "2019.02.05"]
[Round "1"]
[White "ChessMavenYeti"]
[Black "dusanacns"]
[Result "0-1"]
[WhiteElo "2234"]
[BlackElo "2605"]
[TimeControl "180+2"]
[EndTime "13:05:07 PST"]
[Termination "dusanacns won by resignation"]

1. d4 Nf6 2. c4 g6 3. g3 Bg7 4. Bg2 O-O 5. Nc3 d6 6. Nf3 Nc6 7. O-O Bg4 8. h3 Bxf3 9. exf3 d5 10. c5 b6 11. cxb6 axb6 12. f4 e6 13. a3 Ne8 14.
Be3 Nd6 15. Qc2 Nxd4 16. Bxd4 Bxd4 17. Ne2 Bg7 18. Rac1 c5 19. Rfd1 Qf6 20. Nc3 b5 21. Rd2 b4 22. axb4 cxb4 23. Ne2 Nc4 24. Rd4 Rac8 25. b3 Nd6 26. Qd2 Rxc1+ 27. Nxc1 Qxd4 0-1

[Event "*** Titled Tuesday Blitz"]
[Site "Chess.com"]
[Date "2019.02.05"]
[Round "1"]
[White "Kostya_Nikologorskiy"]
[Black "vugarrasulov"]
[Result "0-1"]
[WhiteElo "2422"]
[BlackElo "2852"]
[TimeControl "180+2"]
[EndTime "13:05:08 PST"]
[Termination "vugarrasulov won by resignation"]

1. d4 Nf6 2. c4 e6 3. Nc3 Bb4 4. e3 O-O 5. Ne2 c6 6. a3 Ba5 7.
g3 d5 8. Bg2 dxc4 9. O-O Nbd7 10.
e4 e5 11. d5 cxd5 12. exd5 Nc5 13. Be3 Bb6 14. Na4 Nxa4 15. Qxa4 Bxe3 16. fxe3 Ng4 17. e4 Qb6+ 18. Kh1 Nf2+ 19. Rxf2 Qxf2 20. Qxc4 Bg4 21. Nc3 Qxb2 22. Rb1 Rac8 23. Rxb2 Rxc4 24. Na2 Rfc8 25. h3 Bh5 26. Rxb7 a5 27. d6 Rd8 28. Rb5 f6 29. Rxa5 Rxd6 30. g4 Bg6 0-1

[Event "*** Titled Tuesday Blitz"]
[Site "Chess.com"]
[Date "2019.02.05"]
[Round "1"]
[White "KhalilMousavi77"]
[Black "Witaliss"]
[Result "1-0"]
[WhiteElo "2748"]
[BlackElo "2363"]
[TimeControl "180+2"]
[EndTime "13:05:10 PST"]
[Termination "KhalilMousavi77 won by resignation"]

1. c4 Nf6 2. Nc3 c6 3. d4 d5 4. Nf3 dxc4 5. e4 b5 6. Be2 b4 7. Na4 Nxe4 8. Bxc4 e6 9. O-O Be7 10. Re1 Nf6 11. Ne5 O-O 12. Bg5 Bb7 13. Bxf6 Bxf6 14. Nc5 Qc7 15. Qg4 Bxe5 16. dxe5 Nd7 17. Nxe6 fxe6 18.
Bxe6+ Kh8 19. Bxd7 c5 20. e6 Bc6 21. e7 Rg8 22. e8=Q Raxe8 23. Rxe8 Rxe8 24. Bxe8 Bxe8 25. Re1 Bf7 26. Qg3 Qxg3 27. hxg3 Bxa2 28. Re8+ Bg8 29. Ra8 h6 30. Rxa7 Kh7 31. Rc7 c4 32. Rb7 b3 33.
Kf1 Bd5 34. Rb6 h5 35. f3 g5 36. Ke2 Kg7 37. Rb5 Bf7 38. Rxg5+ Kf6 39. Rc5 Kg6 40. Kd2 Kf6 41. Kc3 Kg6 42. Rxc4 Bxc4 43. Kxc4 1-0

[Event "*** Titled Tuesday Blitz"]
[Site "Chess.com"]
[Date "2019.02.05"]
[Round "1"]
[White "Gordima"]
[Black "JoakimVonAnd"]
[Result "1-0"]
[WhiteElo "2703"]
[BlackElo "2321"]
[TimeControl "180+2"]
[EndTime "13:05:12 PST"]
[Termination "Gordima won by resignation"]

1. Nf3 d5 2. c4 e6 3. e3 Nf6 4. b3 Be7 5. Bb2 O-O 6. Nc3 c5 7.
cxd5 exd5 8. d4 b6 9. Bd3 Bb7 10. O-O Nbd7 11. Rc1 Ne4 12. Qc2 f5 13. Ne2 Rc8 14. Qb1 a6 15. Nf4 b5 16. Ne6 Qe8 17.
Nxf8 Qxf8 18. dxc5 Ndxc5 19. Bd4 f4 20. exf4 Qxf4 21. b4 Ne6 22. Rxc8+ Bxc8 23. Be5 Qg4 24. h3 Qg6 25. Qc2 Bd7 26. Kh1 Nf8 27. Bh2 Qf5 28.
Ne5 Be6 29. f3 Qh5 30. fxe4 dxe4 31. Bxe4 1-0

[Event "*** Titled Tuesday Blitz"]
[Site "Chess.com"]
[Date "2019.02.05"]
[Round "1"]
[White "chegueps"]
[Black "gmjlh"]
[Result "0-1"]
[WhiteElo "2316"]
[BlackElo "2691"]
[TimeControl "180+2"]
[EndTime "13:05:16 PST"]
[Termination "gmjlh won by checkmate"]

1. b3 e5 2. Bb2 Nc6 3. e3 d5 4. Bb5 Bd6 5. Nf3 f6 6. c4 a6 7. Bxc6+ bxc6 8. d3 Nh6 9. Nbd2 O-O 10. O-O Qe8 11. Rc1 e4 12. dxe4 dxe4 13. Nd4 c5 14. Nc2 Bxh2+ 15. Kxh2 Ng4+ 16. Kg3 Qg6 17. Qe2 Nxe3+ 18.
Kf4 Nxg2# 0-1

[Event "*** Titled Tuesday Blitz"]
[Site "Chess.com"]
[Date "2019.02.05"]
[Round "1"]
[White "Wolverine_master"]
[Black "metra93"]
[Result "0-1"]
[WhiteElo "2147"]
[BlackElo "2537"]
[TimeControl "180+2"]
[EndTime "13:05:17 PST"]
[Termination "metra93 won by resignation"]

1. Nf3 d5 2. g3 Nc6 3. d4 Bg4 4. Bg2 Qd7 5. h3 Bxf3 6. Bxf3 f5 7. Bf4 e6 8. O-O O-O-O 9. b3 h6 10. a3 g5 11. Be5 Nxe5 12. dxe5 Bg7 13. Qd4 Kb8 14.
Bg2 f4 15. gxf4 Ne7 16. fxg5 Nc6 17. Qa4 Bxe5 18. Ra2 hxg5 19. Nd2 g4 20. f4 Bd4+ 21. Kh1 Rdg8 22. c3 Be3 23. c4 gxh3 24. Bf3 Qg7 0-1

[Event "*** Titled Tuesday Blitz"]
[Site "Chess.com"]
[Date "2019.02.05"]
[Round "1"]
[White "Didici"]
[Black "vgyogi"]
[Result "1-0"]
[WhiteElo "2562"]
[BlackElo "2183"]
[TimeControl "180+2"]
[EndTime "13:05:22 PST"]
[Termination "Didici won by resignation"]

1. d4 d5 2. c4 e6 3. Nc3 a6 4. g3 dxc4 5. Bg2 Nf6 6. e4 Be7 7. Nf3 O-O 8. O-O b5 9. e5 Nd5 10. a4 Bb7 11. h4 Nd7 12. Bg5 Nxc3 13. bxc3 Bxg5 14. hxg5 c5 15. Qb1 Qb6 16. Qb2 cxd4 17. cxd4 Bd5 18. a5 Qb7 19. Nh4 Nb6 20. axb6 Bxg2 21.
Nxg2 Qxb6 22. Ne3 Rad8 23. Rfd1 b4 24. Nxc4 Qb5 25. Nd6 1-0

[Event "*** Titled Tuesday Blitz"]
[Site "Chess.com"]
[Date "2019.02.05"]
[Round "1"]
[White "Gentlejimmy7"]
[Black "AkibaRubi"]
[Result "1-0"]
[WhiteElo "2285"]
[BlackElo "2605"]
[TimeControl "180+2"]
[EndTime "13:05:25 PST"]
[Termination "Gentlejimmy7 won by resignation"]

1. d4 d5 2. Nf3 Nf6 3. c4 e6 4.
g3 Be7 5. Bg2 c6 6. Nbd2 O-O 7.
O-O Nbd7 8. b3 Re8 9. Bb2 Bd6 10. Ne5 b6 11. Nxc6 Qc7 12. cxd5 exd5 13. Rc1 Qb7 14. Nf3 Nf8 15. Nce5 Bf5 16. Nh4 Be6 17. Qd3 Ng6 18. Nf5 Nd7 19. Nxd6 1-0

[Event "*** Titled Tuesday Blitz"]
[Site "Chess.com"]
[Date "2019.02.05"]
[Round "1"]
[White "eljanov"]
[Black "SCIM"]
[Result "1-0"]
[WhiteElo "2813"]
[BlackElo "2397"]
[TimeControl "180+2"]
[EndTime "13:05:29 PST"]
[Termination "eljanov won by resignation"]

1. c4 g6 2. Nc3 c5 3. g3 Nc6 4.
Bg2 Bg7 5. d3 e6 6. e4 Nge7 7.
Nge2 O-O 8. h4 h6 9. h5 g5 10. f4 g4 11. Be3 b6 12. d4 cxd4 13.
Nxd4 Nxd4 14. Bxd4 Bxd4 15. Qxd4 Nc6 16. Qd1 f5 17. Qd6 Ba6 18. O-O-O Qf6 19. e5 Qf7 20.
Qxd7 Qxd7 21. Rxd7 Rac8 22. b3 b5 23. Rd6 Nb4 24. a3 1-0

[Event "*** Titled Tuesday Blitz"]
[Site "Chess.com"]
[Date "2019.02.05"]
[Round "1"]
[White "FearNoEvil12"]
[Black "Vamostodorecto"]
[Result "1-0"]
[WhiteElo "1950"]
[BlackElo "2460"]
[TimeControl "180+2"]
[EndTime "13:05:30 PST"]
[Termination "FearNoEvil12 won by checkmate"]

1. e4 e6 2. d4 d5 3. Nc3 Bb4 4. Qd3 dxe4 5. Qxe4 Nf6 6. Qh4 Nc6 7. Nf3 h6 8. Bd3 Nd5 9. Bg5 Qd7 10. Bd2 Be7 11.
Qg3 Bf6 12. Ne4 Bxd4 13. Nxd4 f5 14. Qg6+ Qf7 15. Qxf7+ Kxf7 16. Nxc6 fxe4 17. Ne5+ Kf6 18. Ng4+ Kf5 19. Be2 Nf4 20. Bxf4 Kxf4 21. O-O e5 22.
Ne3 Be6 23. h4 g5 24. g3# 1-0

[Event "*** Titled Tuesday Blitz"]
[Site "Chess.com"]
[Date "2019.02.05"]
[Round "1"]
[White "Caisachess"]
[Black "robbykevlishvili"]
[Result "1-0"]
[WhiteElo "2393"]
[BlackElo "2749"]
[TimeControl "180+2"]
[EndTime "13:05:31 PST"]
[Termination "Caisachess won by checkmate"]

1. e4 c5 2. c3 d5 3. exd5 Qxd5 4.
d4 Nf6 5. Nf3 Nc6 6. Be3 cxd4 7.
cxd4 e6 8. Nc3 Bb4 9. Bd3 O-O 10. O-O Qd8 11. Qe2 h6 12. Rad1 b6 13. Bb1 Bxc3 14. bxc3 Ne7 15. c4 Bb7 16. Rfe1 Re8 17. Ne5 Rc8 18.
Bc1 Nc6 19. Qe3 Qc7 20. Qg3 Kh8 21. Qh4 Nb8 22. Bxh6 Kg8 23. Bxg7 Kxg7 24. Qg5+ Kf8 25. Qxf6 Nc6 26. Ng6+ Kg8 27. Qh8# 1-0

[Event "*** Titled Tuesday Blitz"]
[Site "Chess.com"]
[Date "2019.02.05"]
[Round "1"]
[White "Anar_Aliakbarov"]
[Black "masrahi"]
[Result "1-0"]
[WhiteElo "2468"]
[BlackElo "1870"]
[TimeControl "180+2"]
[EndTime "13:05:37 PST"]
[Termination "Anar_Aliakbarov won on time"]

1. d4 Nf6 2. c4 g6 3. Nc3 Bg7 4. e4 d6 5. Nf3 O-O 6. Be2 Na6 7.
O-O e5 8. Be3 Ng4 9. Bg5 Qe8 10.
dxe5 dxe5 11. h3 h6 12. Bd2 Nf6 13. Be3 c6 14. c5 Nc7 15. Nd2 Be6 16. Bc4 Rd8 17.
Qb3 Rb8 18. Rfd1 Qe7 19. Bxe6 Nxe6 20. Nc4 1-0

[Event "*** Titled Tuesday Blitz"]
[Site "Chess.com"]
[Date "2019.02.05"]
[Round "1"]
[White "mousavian_hamed"]
[Black "jcibarra"]
[Result "1-0"]
[WhiteElo "2540"]
[BlackElo "2723"]
[TimeControl "180+2"]
[EndTime "13:05:38 PST"]
[Termination "mousavian_hamed won by resignation"]

1. e4 c5 2. Nc3 a6 3. Nf3 d6 4. d4 cxd4 5. Nxd4 Nf6 6. Bc4 e6 7. Bb3 Nbd7 8. O-O Nc5 9. f4 Nfxe4 10. Nxe4 Nxe4 11. f5 e5 12. Qh5 d5 13. Re1 Bc5 14.
Rxe4 Bxd4+ 15. Rxd4 Qb6 16. c3 exd4 17. Qe2+ Kf8 18.
Qe5 dxc3+ 19. Be3 f6 20. Qxc3 Qc6 21. Qb4+ Kf7 22. Rc1 Qd7 23. Qa5 Qxf5 24. Rc7+ Bd7 25. Bxd5+ Kg6 26. Bf7+ Kxf7 27. Qxf5 1-0

[Event "*** Titled Tuesday Blitz"]
[Site "Chess.com"]
[Date "2019.02.05"]
[Round "1"]
[White "wonderfultime"]
[Black "sergeikim"]
[Result "1/2-1/2"]
[WhiteElo "2895"]
[BlackElo "2460"]
[TimeControl "180+2"]
[EndTime "13:05:41 PST"]
[Termination "Game drawn by repetition"]

1. Nf3 Nf6 2. c4 g6 3. g3 Bg7 4.
Bg2 O-O 5. O-O d6 6. d4 Nbd7 7. Nc3 e5 8. Qc2 exd4 9. Nxd4 Re8 10. Rd1 Nc5 11. b3 c6 12. Bb2 Qe7 13. h3 Nfe4 14.
Nxe4 Nxe4 15. e3 a5 16. a3 h5 17. Nf3 Bxb2 18. Qxb2 Bf5 19. b4 axb4 20. axb4 Rxa1 21.
Qxa1 Nxf2 22. Kxf2 Qxe3+ 23. Kf1 Bxh3 24. Ng1 Bg4 25.
Re1 Qd3+ 26. Kf2 Qd2+ 27. Kf1 Qd3+ 28. Kf2 Qd2+ 29. Kf1 Qd3+ 1/2-1/2

[Event "*** Titled Tuesday Blitz"]
[Site "Chess.com"]
[Date "2019.02.05"]
[Round "1"]
[White "Keaton87"]
[Black "Shivagami"]
[Result "1-0"]
[WhiteElo "2534"]
[BlackElo "2142"]
[TimeControl "180+2"]
[EndTime "13:05:46 PST"]
[Termination "Keaton87 won by resignation"]

1. d4 d5 2. Nc3 Nf6 3. Bf4 c5 4. e3 Nc6 5. Nb5 e5 6. dxe5 Ne4 7. Qxd5 Qxd5 8. Nc7+ Kd8 9. Nxd5 Be6 10. Rd1 Kc8 11.
h4 Bxd5 12. Rxd5 Nb4 13. Rd1 Nxc2+ 14. Ke2 f6 15. a3 fxe5 16. Bxe5 Be7 17. g3 Rf8 18.
Bh3+ 1-0

[Event "*** Titled Tuesday Blitz"]
[Site "Chess.com"]
[Date "2019.02.05"]
[Round "1"]
[White "GMMatamoros"]
[Black "tteshan"]
[Result "1-0"]
[WhiteElo "2530"]
[BlackElo "2138"]
[TimeControl "180+2"]
[EndTime "13:05:46 PST"]
[Termination "GMMatamoros won by resignation"]

1. Nf3 e6 2. c4 d5 3. g3 c5 4. cxd5 exd5 5. d4 Nc6 6. Bg2 Nf6 7. O-O c4 8. Ne5 Bd6 9. Nxc6 bxc6 10. b3 cxb3 11.
axb3 O-O 12. Qc2 Qb6 13. e3 Rb8 14. Ba3 Bxa3 15. Rxa3 a5 16. Nd2 Bg4 17. Rfa1 Ra8 18. Qc3 Be2 19. Rxa5 Rxa5 20. Rxa5 Rb8 21. Rc5 Bb5 22.
Bf1 Bxf1 23. Kxf1 Qa6+ 24. Kg2 Rc8 25. b4 Nd7 26. b5 Qa4 27. Rxc6 Rxc6 28. bxc6 Nb6 29.
Qc5 Qa6 30. c7 h6 31. Qxb6 Qxb6 32. c8=Q+ 1-0